 Dungeon Crawl Stone Soup version 0.25-a0-521-gb5d5f98535 (console) character file.

Game seed: 10107576344498649482, levelgen mode: deterministic

1395 Kagalorn the Charmwright (level 8, -6/64 HPs)
             Began as a Gnoll Skald on Feb 18, 2020.
             Was an Initiate of Ashenzari.
             Mangled by an orc
             ... wielding a +4 hand axe of electrocution
              (8 damage)
             ... on level 5 of the Dungeon.
             The game lasted 00:16:43 (5353 turns).

Kagalorn the Charmwright (Gnoll Skald)              Turns: 5353, Time: 00:16:43

Health: -6/64      AC:  6    Str: 14    XL:     8   Next: 68%
Magic:  0/17       EV: 15    Int: 21    God:    Ashenzari [......]
Gold:   306        SH:  0    Dex: 15    Spells: 15/19 levels left

rFire    + . .     SeeInvis .   x - +0 quarterstaff
rCold    . . .     Gourm    .   (shield currently unavailable)
rNeg     . . .     Faith    .   h - +2 leather armour {MR+} (curse)
rPois    .         Spirit   +   (no helmet)
rElec    .         Reflect  .   (no cloak)
rCorr    .         Harm     .   v - +0 pair of gloves
MR       +....                  (no boots)
Stlth    ++........             q - amulet of guardian spirit
HPRegen  0.20/turn              y - ring of protection from fire
MPRegen  0.15/turn              l - +4 ring of intelligence

@: no status effects
A: distributed training, fangs 1, strong nose
a: Curse Item, Renounce Religion


You were on level 5 of the Dungeon.
You worshipped Ashenzari.
Ashenzari was noncommittal.
You were not hungry.

You visited 2 branches of the dungeon, and saw 7 of its levels.

You collected 306 gold pieces.

Inventory:

Hand Weapons
 a - a +0 spear
 x - a +0 quarterstaff (weapon)
Missiles
 c - 101 arrows
 i - 48 poisoned darts (quivered)
 j - 115 stones
 m - 23 sling bullets
Armour
 h - a cursed +2 leather armour of magic resistance (worn)
 v - a +0 pair of gloves (worn)
 B - the +3 chain mail "Afypn" {rPois rN+ Dex-2}
   (You found it on level 5 of the Dungeon)

   It affects your dexterity (-2).
   It protects you from poison.
   It protects you from negative energy.
   If you switch to wearing this armour, your AC will increase by 7 (6 -> 13).
Jewellery
 b - a +5 ring of dexterity
 l - a +4 ring of intelligence (right hand)
 q - an amulet of guardian spirit (around neck)
 r - an uncursed ring of fire
 y - a ring of protection from fire (left hand)
Wands
 E - a wand of iceblast (10)
Scrolls
 e - a scroll of blinking {unknown}
 f - 3 scrolls of amnesia {unknown}
 s - 4 scrolls of teleportation
 t - 4 scrolls of remove curse
 w - 3 scrolls of magic mapping {unknown}
 A - 2 scrolls of immolation {unknown}
 C - a scroll of fear {unknown}
Potions
 g - a potion of magic {unknown}
 k - a potion of heal wounds
 n - a potion of might
 o - a potion of invisibility
 p - a potion of flight
 u - a potion of haste
 z - a potion of curing
 D - 2 potions of resistance {unknown}
Comestibles
 d - 11 rations
 F - a chunk of flesh


   Skills:
 + Level 5.8 Fighting
 + Level 3.4 Short Blades
 + Level 3.4 Long Blades
 + Level 3.4 Axes
 + Level 3.4 Maces & Flails
 + Level 5.8 Polearms
 + Level 3.4 Staves
 + Level 3.4 Slings
 + Level 3.4 Bows
 + Level 3.4 Crossbows
 + Level 3.4 Throwing
 + Level 4.3 Armour
 + Level 5.8 Dodging
 + Level 3.4 Stealth
 + Level 3.4 Shields
 + Level 3.4 Unarmed Combat
 + Level 6.1 Spellcasting
 + Level 2.8 Conjurations
 + Level 2.8 Hexes
 + Level 6.2 Charms
 + Level 2.8 Summonings
 + Level 2.8 Necromancy
 + Level 2.8 Translocations
 + Level 2.8 Transmutations
 + Level 2.8 Fire Magic
 + Level 2.8 Ice Magic
 + Level 2.8 Air Magic
 + Level 2.8 Earth Magic
 + Level 2.8 Poison Magic
 + Level 3.7 Invocations
 + Level 3.4 Evocations


You had 15 spell levels left.
You knew the following spells:

 Your Spells              Type           Power        Failure   Level  Hunger
a - Infusion              Chrm           ####         1%          1    None
b - Spectral Weapon       Hex/Chrm       ####....     5%          3    ##.....

Your spell library contained the following spells:

 Spells                   Type           Power        Failure   Level  Hunger
 Song of Slaying          Chrm           ####....     1%          2    None
 Shroud of Golubria       Chrm/Tloc      ####..       2%          2    None
 Ozocubu's Armour         Chrm/Ice       ####....     5%          3    ##.....


Dungeon Overview and Level Annotations

Branches:
Dungeon (6/15)             Temple (1/1) D:4

Altars:
Ashenzari
Cheibriados
Dithmenos
Elyvilon
Fedhas
Gozag
Hepliaklqana
Kikubaaqudgha
Makhleb
Nemelex Xobeh
Okawaru
Qazlal
Ru
Sif Muna
Uskayaw
Vehumet
Wu Jian
Xom
Yredelemnul
The Shining One

Annotations:
D:6 Maggie


Innate Abilities, Weirdness & Mutations

Your experience applies equally to all skills.
You have very sharp teeth.
Your uncanny sense of smell can sniff out nearby items.


Message History

The ice beast is severely wounded.
The ice beast closely misses you. The orc hits you but does no damage.
You hit the ice beast.
The ice beast is almost dead.
The ice beast misses you.
The orc hits you with a +4 hand axe of electrocution.
You are electrocuted!
The ice beast barely misses you.
The orc hits you with a +4 hand axe of electrocution.
You are electrocuted!!
* * * LOW HITPOINT WARNING * * *
You climb upwards.
A worker ant comes into view.
The worker ant moves out of view.
There is a stone staircase leading down here.
The orc hits you with a +4 hand axe of electrocution!
* * * LOW HITPOINT WARNING * * *
The worker ant twitches its antennae in your direction.
The orc hits you but does no damage.
You are electrocuted!
You die...

......#...........#
####......#..
...###......##.#.##
#............
#..###.......#####
##............
####.........####
#.............
##.....###.....#
#..........###
#......#
#..a..####.........##
##...###
####...>...#)...##.#
#####
##.Yo.........###
#.@##.).....##
#......######
##.#..## ####.###
#....# ##..## #.##
###


You could see an ice beast, a worker ant and an orc.

Vanquished Creatures
  Prince Ribbit (D:6)
  An ice beast (D:6)
  An ogre (D:5)
  2 phantoms
  3 centaurs
  A howler monkey (D:4)
  2 jellies
  A bullfrog skeleton (D:6)
  3 orc priests
  2 hounds
  An orc wizard (D:3)
  3 worker ants
  A killer bee zombie (D:6)
  3 gnolls (D:5)
  8 adders
  2 oozes
  2 adder skeletons
  7 worms
  2 dart slugs
  9 orcs
  6 bats
  8 giant cockroaches
  4 hobgoblins
  12 jackals
  4 kobolds (D:3)
  2 quokkas
  2 ball pythons (D:2)
  3 frilled lizards
  2 goblins
  6 rats
104 creatures vanquished.

Vanquished Creatures (others)
  A spectral weapon (D:6)
1 creature vanquished.

Grand Total: 105 creatures vanquished

Notes
Turn   | Place    | Note
-------+----------+-------------------------------------------
     0 | D:1      | Kagalorn the Gnoll Skald began the quest for the Orb.
     0 | D:1      | Reached XP level 1. HP: 20/20 MP: 6/6
   153 | D:1      | Reached XP level 2. HP: 26/26 MP: 7/7
   909 | D:2      | Reached skill level 5 in Spellcasting
   909 | D:2      | Reached XP level 3. HP: 30/31 MP: 7/9
   947 | D:2      | You fall into a shaft and drop 2 floors!
   982 | D:4      | Reached skill level 1 in Short Blades
   982 | D:4      | Reached skill level 1 in Long Blades
   982 | D:4      | Reached skill level 1 in Axes
   982 | D:4      | Reached skill level 1 in Maces & Flails
   982 | D:4      | Reached skill level 1 in Staves
   982 | D:4      | Reached skill level 1 in Slings
   982 | D:4      | Reached skill level 1 in Bows
   982 | D:4      | Reached skill level 1 in Crossbows
   982 | D:4      | Reached skill level 1 in Throwing
   982 | D:4      | Reached skill level 1 in Stealth
   982 | D:4      | Reached skill level 1 in Shields
   982 | D:4      | Reached skill level 1 in Unarmed Combat
   982 | D:4      | Reached skill level 1 in Invocations
   982 | D:4      | Reached skill level 1 in Evocations
   982 | D:4      | Reached XP level 4. HP: 38/38 MP: 7/11
  1077 | D:4      | Found a staircase to the Ecumenical Temple.
  1088 | D:3      | Reached skill level 1 in Conjurations
  1088 | D:3      | Reached skill level 1 in Hexes
  1088 | D:3      | Reached skill level 1 in Summonings
  1088 | D:3      | Reached skill level 1 in Necromancy
  1088 | D:3      | Reached skill level 1 in Translocations
  1088 | D:3      | Reached skill level 1 in Transmutations
  1088 | D:3      | Reached skill level 1 in Fire Magic
  1088 | D:3      | Reached skill level 1 in Ice Magic
  1088 | D:3      | Reached skill level 1 in Air Magic
  1088 | D:3      | Reached skill level 1 in Earth Magic
  1088 | D:3      | Reached skill level 1 in Poison Magic
  1088 | D:3      | Reached XP level 5. HP: 26/43 MP: 7/12
  2940 | D:3      | Reached XP level 6. HP: 47/50 MP: 8/13
  3158 | D:4      | Reached skill level 5 in Fighting
  3158 | D:4      | Reached skill level 5 in Polearms
  3158 | D:4      | Reached skill level 5 in Dodging
  3254 | D:4      | Found a glowing golden altar of the Shining One.
  3582 | Temple   | Entered the Ecumenical Temple
  3786 | Temple   | Became a worshipper of Ashenzari the Shackled
  3842 | D:5      | Entered Level 5 of the Dungeon
  3916 | D:5      | Noticed a phantom
  3967 | D:4      | Killed a phantom
  3967 | D:4      | Reached XP level 7. HP: 42/56 MP: 4/15
  3999 | D:4      | Learned a level 3 spell: Spectral Weapon
  4014 | D:5      | Found a sacrificial altar of Ru.
  4098 | D:5      | Got the uncursed chain mail "Afypn" {rPois rN+ Dex-2}
  4109 | D:5      | Identified the +3 chain mail "Afypn" {rPois rN+ Dex-2} (You
                  | found it on level 5 of the Dungeon)
  4891 | D:6      | Reached XP level 8. HP: 59/63 MP: 16/16
  5068 | D:6      | Noticed Prince Ribbit
  5154 | D:6      | Killed Prince Ribbit
  5252 | D:6      | Noticed Maggie
  5351 | D:5      | HP: 2/64 [orc/+4 hand axe of electrocution (6)]
  5353 | D:5      | Mangled by an orc

Levels and vault maps discovered:
D:1:      kilobyte_arrival_exit_the_forest, layout_basic, serial_bayou_lagoon_a
D:2:      layout_loops_ring
D:3:      layout_basic, first_ration
D:4:      layout_cave_pools, tso_oasis_becter, minmay_temple_entry_mist
D:5:      layout_cave_pools, nicolae_ru_great_annihilating_truth
D:6:      layout_basic, elyvilon_altar_4, uniq_edmund, uniq_prince_ribbit1,
          uniq_maggie
Temple:   hc_temple_tempest_star

Skill      XL: |  1  2  3  4  5  6  7  8 |
---------------+-------------------------+-----
Spellcasting   | 5 6 |  6.1
Short Blades   | 1 2 3 |  3.4
Long Blades    | 1 2 3 |  3.4
Axes           | 1 2 3 |  3.4
Maces & Flails | 1 2 3 |  3.4
Staves         | 1 2 3 |  3.4
Slings         | 1 2 3 |  3.4
Bows           | 1 2 3 |  3.4
Crossbows      | 1 2 3 |  3.4
Throwing       | 1 2 3 |  3.4
Stealth        | 1 2 3 |  3.4
Shields        | 1 2 3 |  3.4
Unarmed Combat | 1 2 3 |  3.4
Invocations    | 1 2 3 |  3.7
Evocations     | 1 2 3 |  3.4
Conjurations   | 1 2 |  2.8
Hexes          | 1 2 |  2.8
Summonings     | 1 2 |  2.8
Necromancy     | 1 2 |  2.8
Translocations | 1 2 |  2.8
Transmutations | 1 2 |  2.8
Fire Magic     | 1 2 |  2.8
Ice Magic      | 1 2 |  2.8
Air Magic      | 1 2 |  2.8
Earth Magic    | 1 2 |  2.8
Poison Magic   | 1 2 |  2.8
Armour         | 3 4 |  4.3
Fighting       | 5 |  5.8
Polearms       | 5 |  5.8
Dodging        | 5 |  5.8
Charms         | 6 |  6.2

Action                   |  1- 3 |  4- 6 |  7- 9 || total
-------------------------+-------+-------+-------++-------
Melee: Spear             |    66 |   298 |    55 ||   419
       Bite              |       |    29 |    19 ||    48
       Quarterstaff      |       |       |   104 ||   104
       Punch             |       |       |     1 ||     1
Throw: Dart              |       |     7 |     4 ||    11
 Cast: Infusion          |     2 |    14 |     4 ||    20
       Spectral Weapon   |       |       |     5 ||     5
Invok: Curse Item        |       |       |     1 ||     1
  Use: Scroll            |       |     1 |     6 ||     7
 Stab: Sleeping          |       |     1 |     1 ||     2
       Distracted        |       |       |     2 ||     2
       Invisible         |       |       |     1 ||     1
       Paralysed         |       |       |     1 ||     1
  Eat: Chunk             |       |    10 |     2 ||    12
       Ration            |       |       |     1 ||     1
Armor: Leather armour    |     8 |       |    41 ||    49
       Ring mail         |     4 |    65 |     4 ||    73
Dodge: Dodged            |    28 |   119 |   135 ||   282

Table legend:
 A = Non-vault XP
 B = Vault XP
 C = Vault XP percentage of total XP
 D = Non-vault monster count
 E = Vault monster count
 F = Vault count percentage of total count
                 A         B        C        D         E       F
            +---------+---------+-------+---------+---------+-------
      Total |    1687 |     306 |  15.4 |      99 |       5 |   4.8
            +---------+---------+-------+---------+---------+-------
        D:1 |      21 |       0 |   0.0 |      11 |       0 |   0.0
        D:2 |      23 |       0 |   0.0 |       9 |       0 |   0.0
        D:3 |     211 |       0 |   0.0 |      35 |       0 |   0.0
        D:4 |     384 |       0 |   0.0 |      16 |       0 |   0.0
        D:5 |     482 |      29 |   5.7 |      16 |       4 |  20.0
        D:6 |     566 |     277 |  32.9 |      12 |       1 |   7.7
            +---------+---------+-------+---------+---------+-------
